 Dungeon Crawl Stone Soup version 0.24-a0-420-g24607be9ce (webtiles) character file.

Game seed: 314262203318226688

468755 nikopol the Sorcerer (level 23, -16/113 HPs)
             Began as a Deep Elf Fire Elementalist on June 6, 2019.
             Was the Champion of Vehumet.
             Demolished by Mennas
             ... wielding a +4 trishula of holy wrath
              (27 damage)
             ... on level 3 of the Depths on June 11, 2019.
             The game lasted 04:34:21 (71974 turns).

nikopol the Sorcerer (Deep Elf Fire Elementalist)  Turns: 71974, Time: 04:34:22

Health: -16/113    AC: 14    Str:  3    XL:     23   Next: 49%
Magic:  30/64      EV: 13    Int: 37    God:    Vehumet [******]
Gold:   3355       SH: 16    Dex: 10    Spells: 40/75 levels left

rFire    + + .     SeeInvis +   T - staff of fire
rCold    + + +     Gourm    .   W - +5 shield {reflect}
rNeg     + . .     Faith    .   G - +3 leather armour of Indomitability {rElec rF+ MR+}
rPois    .         Spirit   .   Z - +2 helmet {Int+3}
rElec    +         Reflect  +   a - scarf {repulsion}
rCorr    +         Harm     .   K - +0 pair of gloves of the Stag {rC+++ Regen+ Str-2 SInv} (curse)
MR       +++++     Clarity  +   y - +2 pair of boots
Stlth    +.........             D - amulet of the Four Winds {rN+ MR+++ Clar}
HPRegen  0.68/turn              u - ring of magical power
MPRegen  0.39/turn              V - ring of Qothranire {rC+ rCorr Int+3 Dex-5 Slay+3}

@: glowing, repel missiles
A: no striking features
}: 2/15 runes: serpentine, barnacled
a: Renounce Religion


You were on level 3 of the Depths.
You worshipped Vehumet.
Vehumet was exalted by your worship.
You were very hungry.

You visited 10 branches of the dungeon, and saw 47 of its levels.
You also visited: Gauntlet, Ice Cave and Desolation.

You collected 4551 gold pieces.
You spent 1196 gold pieces at shops.

Inventory:

Armour
 a - a scarf of repulsion (worn)
 y - a +2 pair of boots (worn)
 G - the +3 leather armour of Indomitability (worn) {rElec rF+ MR+}
   (You found it on level 4 of the Lair of Beasts)

   It protects you from fire.
   It insulates you from electricity.
   It affects your resistance to hostile enchantments.
 K - the cursed +0 pair of gloves of the Stag (worn) {rC+++ Regen+ Str-2 SInv}
   (You found it on level 3 of the Elven Halls)

   It affects your strength (-2).
   It renders you almost immune to cold.
   It lets you see invisible.
   It increases your rate of regeneration.
   It has a curse placed upon it.
 R - a +2 pair of gloves
 W - a +5 shield of reflection (worn)
 Z - a +2 helmet of intelligence (worn)
Magical Staves
 T - an uncursed staff of fire (weapon)
Jewellery
 k - an uncursed ring of positive energy
 u - a ring of magical power (left hand)
 x - an uncursed ring of poison resistance
 D - the amulet of the Four Winds (around neck) {rN+ MR+++ Clar}
   (You bought it in a shop on level 2 of the Orcish Mines)

   [amulet of nothing]

   It protects you from negative energy.
   It affects your resistance to hostile enchantments.
   It protects you against confusion.
 J - the amulet of Pantheism {rF+ rC+ rN+ Regen+ SInv}
   (You took it off an imperial myrmidon in the Desolation of Salt)

   [amulet of regeneration]

   It protects you from fire.
   It protects you from cold.
   It protects you from negative energy.
   It lets you see invisible.
   It increases your rate of regeneration.
 P - an uncursed ring of wizardry
 V - the ring of Qothranire (right hand) {rC+ rCorr Int+3 Dex-5 Slay+3}
   (You took it off a deep elf high priest on level 3 of the Elven Halls)

   [ring of resist corrosion]

   It affects your intelligence (+3).
   It affects your dexterity (-5).
   It affects your accuracy and damage with ranged weapons and melee attacks
   (+3).
   It protects you from cold.
   It provides partial protection from all sources of acid and corrosion.
Wands
 q - a wand of scattershot (11)
 t - a wand of acid (40)
 w - a wand of polymorph (9)
 M - a wand of disintegration (57)
 N - a wand of iceblast (23)
 Q - a wand of paralysis (29)
 S - a wand of digging (12)
 X - a wand of clouds (9)
Scrolls
 d - a scroll of summoning
 i - 12 scrolls of remove curse
 l - 9 scrolls of identify
 m - 4 scrolls of enchant armour
 n - 7 scrolls of amnesia
 o - 6 scrolls of enchant weapon
 p - 8 scrolls of teleportation
 A - 5 scrolls of magic mapping
 C - 5 scrolls of fear
 H - 6 scrolls of silence
 I - 6 scrolls of holy word
 L - a scroll of blinking
 U - 3 scrolls of fog
Potions
 b - 3 potions of ambrosia
 e - 6 potions of cancellation
 f - 10 potions of flight
 g - 4 potions of resistance
 j - 5 potions of haste
 r - 5 potions of mutation
 s - 4 potions of lignification
 v - 4 potions of brilliance
 z - 11 potions of curing
 B - 5 potions of heal wounds
 E - a potion of invisibility
 F - 3 potions of magic
 O - a potion of might
 Y - a potion of agility
Comestibles
 c - 67 rations


   Skills:
 + Level 2.6 Fighting
 + Level 7.2 Armour
 + Level 7.9 Dodging
 + Level 6.1 Stealth
 * Level 14.0 Shields
 + Level 26.9 Spellcasting
 + Level 22.3 Conjurations
 + Level 0.8 Translocations
 + Level 21.1 Fire Magic
 + Level 3.8 Ice Magic
 + Level 5.9 Earth Magic
 + Level 1.9 Evocations


You had 40 spell levels left.
You knew the following spells:

 Your Spells              Type           Power        Failure   Level  Hunger
a - Flame Tongue          Conj/Fire      #####        0%          1    None
b - Throw Flame           Conj/Fire      ######       0%          2    None
c - Conjure Flame         Conj/Fire      ########     0%          3    None
d - Sticky Flame          Conj/Fire      ########     0%          4    None
e - Fireball              Conj/Fire      ########..   0%          5    None
f - Iron Shot             Conj/Erth      ########..   1%          6    None
g - Bolt of Fire          Conj/Fire      ########..   0%          6    None
h - Bolt of Cold          Conj/Ice       #######...   1%          6    None
k - Blink                 Tloc           N/A          1%          2    None

Your spell library contained the following spells:

 Spells                   Type           Power        Failure   Level  Hunger
 Lehudib's Crystal Spear  Conj/Erth      ########..   4%          8    None
 Chain Lightning          Conj/Air       #######...   13%         8    None
 Glaciate                 Conj/Ice       #######...   63%         9    #......
 Magic Dart               Conj           ####         0%          1    None
 Shock                    Conj/Air       ####         0%          1    None
 Searing Ray              Conj           ######       0%          2    None
 Dazzling Spray           Conj/Hex       ######       0%          3    None
 Static Discharge         Conj/Air       #######.     0%          3    None
 Stone Arrow              Conj/Erth      ######       0%          3    None
 Iskenderun's Mystic Bla  Conj           ########     0%          4    None
 Animate Skeleton         Necr           N/A          1%          1    None
 Apportation              Tloc           ######       1%          1    None
 Confusing Touch          Hex            #####.       1%          1    None
 Corona                   Hex            #####..      1%          1    None
 Pain                     Necr           ####         1%          1    None
 Sandblast                Erth           ######       1%          1    None
 Summon Butterflies       Summ           #####...     1%          1    None
 Summon Small Mammal      Summ           ####         1%          1    None
 Call Imp                 Summ           #####...     1%          2    None
 Ensorcelled Hibernation  Hex/Ice        ######       1%          2    None
 Passwall                 Tmut/Erth      ######..     1%          2    None
 Poisonous Vapours        Pois/Air       #####.       1%          2    None
 Slow                     Hex            #####...     1%          2    None
 Song of Slaying          Chrm           #####...     1%          2    None
 Swiftness                Chrm/Air       #####...     1%          2    None
 Ignite Poison            Fire/Tmut/Pois ########     1%          3    None
 Inner Flame              Hex/Fire       ########     1%          3    None
 Lesser Beckoning         Tloc           ######....   1%          3    None
 Mephitic Cloud           Conj/Pois/Air  #######.     1%          3    None
 Ozocubu's Armour         Chrm/Ice       ######..     1%          3    None
 Recall                   Summ/Tloc      N/A          1%          3    None
 Force Lance              Conj/Tloc      #######.     1%          4    None
 Fulminant Prism          Conj/Hex       #######...   1%          4    None
 Bolt of Magma            Conj/Fire/Erth ########..   1%          5    None
 Irradiate                Conj/Tmut      #######...   1%          5    None
 Iskenderun's Battlesphe  Conj/Chrm      #######.     1%          5    None
 Lee's Rapid Deconstruct  Erth           #######...   1%          5    None
 Lightning Bolt           Conj/Air       #######...   1%          5    None
 Venom Bolt               Conj/Pois      #######...   1%          5    None
 Conjure Ball Lightning   Conj/Air       #######...   1%          6    None
 Freezing Cloud           Conj/Ice/Air   #######...   1%          6    None
 Orb of Destruction       Conj           ########..   1%          7    None
 Spellforged Servitor     Conj/Summ      #######...   1%          7    None
 Call Canine Familiar     Summ           #####...     2%          3    None
 Confuse                  Hex            #####...     2%          3    None
 Regeneration             Chrm/Necr      #####.....   2%          3    None
 Spider Form              Tmut/Pois      #####.....   2%          3    None
 Summon Guardian Golem    Hex/Summ       #####...     2%          3    None
 Tukima's Dance           Hex            #####...     2%          3    None
 Vampiric Draining        Necr           #####.....   2%          3    None
 Airstrike                Air            #####.....   2%          4    None
 Petrify                  Tmut/Erth      ######..     2%          4    None
 Summon Ice Beast         Ice/Summ       ######..     3%          4    None
 Animate Dead             Necr           N/A          8%          4    None
 Summon Lightning Spire   Summ/Air       #####...     8%          4    None
 Ring of Flames           Chrm/Fire      ########..   9%          7    None
 Summon Forest            Summ/Tloc      ######....   17%         5    None
 Alistair's Intoxication  Tmut/Pois      #####...     22%         5    None
 Aura of Abjuration       Summ           #####.....   22%         5    None
 Excruciating Wounds      Chrm/Necr      #####.....   22%         5    None
 Silence                  Hex/Air        #####.....   22%         5    None
 Summon Demon             Summ           #####.....   22%         5    None
 Summon Mana Viper        Hex/Summ       #####...     22%         5    None
 Statue Form              Tmut/Erth      ######...    34%         6    None
 Hydra Form               Tmut           #####.....   75%         6    None
 Invisibility             Hex            #####...     75%         6    None
 Shadow Creatures         Summ           N/A          75%         6    None
 Dragon Form              Tmut           #####.....   100%        7    None
 Shatter                  Erth           #######...   100%        9    #......


Dungeon Overview and Level Annotations

Branches:
Dungeon (15/15)            Temple (1/1) D:5            Lair (6/6) D:9
 Shoals (4/4) Lair:2        Snake (4/4) Lair:4        Slime (5/5) Lair:6
    Orc (2/2) D:10            Elf (3/3) Orc:2        Vaults (4/5) D:14
  Crypt (0/3) Vaults:3     Depths (3/5) D:15

Altars:
Ashenzari
Cheibriados
Dithmenos
Elyvilon
Fedhas
Gozag
Hepliaklqana
Kikubaaqudgha
Makhleb
Nemelex Xobeh
Okawaru
Qazlal
Ru
Sif Muna
Trog
Uskayaw
Vehumet
Wu Jian
Xom
Yredelemnul
Zin
The Shining One
Beogh
Jiyva

Shops:
D:5 !   Orc:1 [   Orc:2 *[=(   Elf:1 [   Elf:2 :   Snake:3 *   Snake:4 }
Vaults:1 *=   Vaults:2 %   Vaults:4 (

Portals:
Hell: Depths:1 Depths:2 Depths:3
Abyss: Depths:2
Pandemonium: Depths:2

Annotations:
D:8 3 runed translucent doors
D:15 3 runed translucent doors, tsouns's ghost, journeyman GrWn
Depths:3 Mennas


Message History

Aim: Mennas, wielding a +4 trishula of holy wrath and wearing a +0 large shield (moderately wounded, haloed)
You feel a surge of power!
The bolt of fire hits Mennas!!!
Mennas is heavily wounded.
Mennas gestures frantically.
You resist with almost no effort.
Casting: Bolt of Fire (safe; 0% risk of failure)
Confirm with . or Enter, or press ? or * to list all spells.
Aiming: Bolt of Fire (safe; 0% risk of failure)
Press: ? - help, Shift-Dir - straight line, f/p - Mennas
Aim: Mennas, wielding a +4 trishula of holy wrath and wearing a +0 large shield (heavily wounded, haloed)
You feel a surge of power!
The bolt of fire misses Mennas.
Mennas hits you from afar with a +4 trishula of holy wrath!
You block Mennas's attack.
Mennas hits you from afar with a +4 trishula of holy wrath!!
* * * LOW HITPOINT WARNING * * *
Mennas hits you from afar with a +4 trishula of holy wrath!
* * * LOW HITPOINT WARNING * * *
Mennas shakes his head sadly.
Mennas hits you from afar with a +4 trishula of holy wrath!!
You die...

##.....###.....###.....##
.#
###.####.#.#.#.####.###
.#
#8.8.8##.......##..##[# .
#.8.8.#.#.#.#.#.#.A##.#
#8
#8.8.8.......)..).)...#
#.8.8.###########.##).#
#8.8.8####8.8####(##..#
###.####8.....8####.###
#8...8....@....8.[.8# #
###8...⌠)....⌠...8###..
###8......8###..#
.###8.....8####...#
#..###8.8### #...#
#..##[#####...#
#.......(..#
###.#####...# ###8.8###
#...#


You could see Mennas.

Vanquished Creatures
  2 juggernauts
  Bai Suzhen (Depths:2)
  Vashnia (Snake:2)
  3 deep elf master archers (Elf:3)
  3 deep elf blademasters (Elf:3)
  10 acid blobs
  2 sphinxes
  2 krakens
  4 azure jellies
  3 fire giants
  Aizul (Snake:4)
  3 imperial myrmidons (Desolation)
  7 frost giants
  Louise (Depths:2)
  12 nagarajas
  4 vault wardens
  An orc warlord (Orc:2)
  7 deep elf sorcerers
  5 deep elf elementalists (Elf:3)
  3 spriggan defenders
  5 stone giants
  11 ironheart preservers
  An entropy weaver (Vaults:3)
  7 very ugly things
  9 deep elf annihilators
  2 vampire knights
  A minotaur (Gauntlet)
  3 halazid warlocks (Desolation)
  5 deep elf demonologists
  8 ettins
  6 deep elf death magi
  6 merfolk javelineers (Shoals:4)
  Josephine (Lair:5)
  A death ooze (Slime:2)
  5 ragged hierophants (Desolation)
  10 merfolk impalers
  10 great orbs of eyes
  6 fire dragons
  10 ogre magi
  10 naga warriors
  4 ice dragons
  2 vault guards (Vaults:2)
  4 hydras
  6 yaktaur captains
  4 deep elf high priests (Elf:3)
  5 catoblepae
  8 servants of whispers
  2 alligator snapping turtles
  5 peacekeepers (Desolation)
  5 rakshasas (Depths:2)
  Erolcha (Orc:2)
  A spriggan air mage (Depths:1)
  22 anacondas
  3 merfolk avatars
  9 centaur warriors
  2 merfolk aquamancers
  2 hell hogs (Depths:2)
  44 two-headed ogres
  3 satyrs
  2 deep troll shamans (Depths:3)
  7 tengu warriors
  An orc high priest (Orc:2)
  2 deep troll earth magi (Vaults:4)
  25 dancing weapons
  19 naga sharpshooters
  2 vampire magi
  13 death yaks
  6 hell knights (Depths:2)
  12 shock serpents
  A titan skeleton (Vaults:2)
  18 deep elf knights
  3 skeletal warriors (Vaults:2)
  2 salamander mystics (Snake:4)
  A fire crab (shapeshifter) (Vaults:1)
  2 deep trolls (Vaults:4)
  7 glowing orange brains
  14 sea snakes
  A tengu zombie (Vaults:2)
  9 naga ritualists
  10 deep elf archers
  3 unseen horrors
  6 wizards
  12 orc knights
  16 mana vipers
  12 ironbrand convokers
  8 necromancers
  2 human zombies (Vaults:1)
  53 ugly things
  11 harpies
  A phantasmal warrior (Vaults:4)
  A wolf spider (shapeshifter) (Vaults:3)
  6 orc sorcerers
  3 wolf spiders
  A fire giant zombie (Depths:1)
  An iron dragon zombie (Depths:1)
  A stone giant zombie (Vaults:2)
  73 deep elf magi
  7 cyclopes
  15 manticores
  11 salamanders
  An oklob plant (Gauntlet)
  3 shining eyes
  24 fauns
  11 merfolk sirens
  36 black mambas
  17 naga magi
  A frost giant skeleton (Vaults:2)
  20 guardian serpents
  A guardian serpent (shapeshifter) (Depths:3)
  An ice statue (IceCv)
  3 eyes of devastation
  10 spiny frogs
  4 water nymphs
  11 vault sentinels
  A storm dragon simulacrum (Vaults:2)
  5 rime drakes
  A gargoyle (D:10)
  A kobold demonologist (D:14)
  24 yaktaurs
  8 komodo dragons
  3 freezing wraiths
  2 tengu conjurers
  A queen bee (shapeshifter) (Depths:2)
  7 trolls
  3 polar bears (shapeshifter)
  26 merfolk
  A blink frog (shapeshifter) (Depths:1)
  13 blink frogs
  49 saltlings
  5 wind drakes
  17 polar bears (IceCv)
  50 slime creatures
  7 hornets
  An ettin zombie (Vaults:2)
  A hippogriff (shapeshifter) (Vaults:4)
  A dream sheep (shapeshifter) (Elf:1)
  8 dream sheep
  9 hippogriffs
  7 air elementals
  A redback (shapeshifter) (D:15)
  A spriggan (Depths:2)
  6 snapping turtles
  A redback (Vaults:3)
  A spriggan (shapeshifter) (Vaults:1)
  An ice dragon skeleton (Depths:1)
  A yak (shapeshifter) (Vaults:1)
  An ettin skeleton (Vaults:1)
  17 water elementals
  2 shadows
  9 wraiths
  An elf simulacrum (Depths:1)
  A human (D:10)
  4 wyverns
  4 fire elementals
  71 yaks
  10 basilisks
  3 hogs (D:10)
  2 vampire mosquitoes (D:15)
  2 hungry ghosts
  49 nagas
  A soldier ant (shapeshifter) (D:14)
  7 wargs
  7 hell hounds (Depths:2)
  4 acid dragons
  11 water moccasins
  10 porcupines
  30 orc warriors
  An ettin simulacrum (Vaults:2)
  25 ogres
  4 eyes of draining
  4 phantoms
  2 sky beasts
  5 boggarts (D:14)
  A necrophage (D:10)
  An ice beast (D:8)
  23 wolves
  2 human skeletons
  2 orc zombies (Vaults:1)
  A wolf (shapeshifter) (Depths:2)
  A crocodile (shapeshifter) (Vaults:3)
  11 centaurs
  13 crocodiles
  2 big kobolds
  13 bullfrogs
  An earth elemental (Elf:3)
  2 yaktaur skeletons (Vaults:1)
  3 scorpions
  8 wights
  12 killer bees
  5 howler monkeys
  An electric eel (D:8)
  2 crimson imps
  3 centaur zombies
  3 quasits
  4 human simulacra
  11 jellies
  6 centaur skeletons
  A bullfrog skeleton (D:12)
  3 hounds
  14 orc priests
  26 orc wizards
  3 iguanas
  3 yak simulacra (Lair:4)
  13 worker ants
  2 polar bear simulacra (Lair:4)
  A killer bee zombie (D:8)
  2 wolf simulacra (Lair:4)
  2 worker ant zombies (D:5)
  6 gnolls
  15 adders
  2 howler monkey skeletons
  3 shadow imps
  12 white imps (Lair:4)
  7 worms
  A dart slug (D:3)
  3 leopard geckos
  66 orcs
  5 giant cockroaches
  7 goblins
  6 hobgoblins
  18 jackals
  6 quokkas
  A ball python skeleton (D:4)
  6 bats
  10 frilled lizards
  A jackal zombie (D:5)
  14 kobolds
  A quokka skeleton (D:7)
  4 rats
  4 river rat simulacra (Lair:4)
  A spectral orc (D:5)
  A bush (Lair:6)
  4 fungi
  30 plants
  A tentacle (Shoals:3)
1853 creatures vanquished.

Vanquished Creatures (others)
  A deep elf master archer (Elf:3)
  3 stone giants
  A yaktaur captain (Vaults:1)
  2 centaur warriors (Vaults:1)
  A satyr (Shoals:3)
  2 naga sharpshooters
  A deep elf archer (Vaults:1)
  An orc knight (Vaults:2)
  2 fauns (Shoals:3)
  A salamander (Snake:4)
  7 yaktaurs
  A centaur (Vaults:2)
  An orc wizard (Orc:2)
  An orc (Vaults:2)
  12 demonic plants (Gauntlet)
  8 fungi
  43 plants
  7 tentacles
  A withered plant (Shoals:1)
96 creatures vanquished.

Grand Total: 1949 creatures vanquished

Notes
Turn   | Place    | Note
-------+----------+-------------------------------------------
     0 | D:1      | nikopol the Deep Elf Fire Elementalist began the quest for
                  | the Orb.
     0 | D:1      | Reached XP level 1. HP: 10/10 MP: 6/6
   281 | D:1      | Reached XP level 2. HP: 15/15 MP: 5/8
  1052 | D:2      | Reached XP level 3. HP: 2/19 MP: 2/9
  1056 | D:2      | Learned a level 2 spell: Throw Flame
  1060 | D:2      | Learned a level 3 spell: Conjure Flame
  2085 | D:2      | Reached XP level 4. HP: 24/24 MP: 8/11
  2417 | D:3      | Learned a level 4 spell: Sticky Flame
  2711 | D:3      | Found a bloodstained altar of Trog.
  2712 | D:3      | Found a shadowy altar of Dithmenos.
  2713 | D:3      | Found a glowing golden altar of the Shining One.
  2762 | D:3      | You fall into a shaft and drop 1 floor!
  3069 | D:4      | Reached skill level 1 in Shields
  3069 | D:4      | Reached XP level 5. HP: 19/28 MP: 5/12
  3174 | D:4      | Reached skill level 4 in Spellcasting
  3195 | D:4      | Noticed a phantom
  4202 | D:4      | Found an iron altar of Okawaru.
  4204 | D:4      | Noticed an ogre
  4214 | D:4      | Killed an ogre
  4214 | D:4      | Reached XP level 6. HP: 32/32 MP: 5/15
  4457 | D:4      | Reached skill level 5 in Spellcasting
  4726 | D:5      | Entered Level 5 of the Dungeon
  4816 | D:5      | Found a staircase to the Ecumenical Temple.
  4827 | D:5      | Identified the +3 chain mail of Brilliance {rC+ MR- Dex+4}
  4923 | D:5      | Reached XP level 7. HP: 36/36 MP: 10/17
  4998 | D:5      | Found a basalt altar of Yredelemnul.
  5074 | D:5      | Reached skill level 5 in Fire Magic
  5135 | Temple   | Entered the Ecumenical Temple
  5370 | D:5      | Found Hagha's Distillery.
  5381 | D:5      | Bought a potion of haste for 130 gold pieces
  5381 | D:5      | Bought a potion of curing for 39 gold pieces
  5434 | D:5      | Found an ornate altar of the Wu Jian Council.
  5584 | D:5      | Found an opulent altar of Gozag.
  5784 | D:6      | Learned a level 5 spell: Fireball
  5932 | D:6      | Reached skill level 6 in Spellcasting
  6015 | D:6      | Reached skill level 5 in Conjurations
  6544 | D:6      | Reached XP level 8. HP: 41/41 MP: 16/19
  6975 | D:6      | Reached skill level 7 in Spellcasting
  8312 | D:8      | Noticed a two-headed ogre
  8449 | D:8      | Noticed a hippogriff
  8457 | D:7      | Reached skill level 8 in Spellcasting
  8549 | D:8      | Noticed a two-headed ogre
  8777 | D:7      | HP: 2/41 [orc warrior/+0 scimitar (20)]
  8781 | D:7      | Reached XP level 9. HP: 3/45 MP: 5/23
  9566 | D:8      | Killed a two-headed ogre
  9566 | D:8      | Reached skill level 9 in Spellcasting
  9755 | D:8      | Learned a level 6 spell: Iron Shot
  9785 | D:8      | Found a radiant altar of Vehumet.
  9813 | D:8      | Became a worshipper of Vehumet
  9826 | D:8      | Reached skill level 5 in Dodging
  9978 | D:8      | Killed a two-headed ogre
  9978 | D:8      | Reached skill level 10 in Spellcasting
  9978 | D:8      | Reached XP level 10. HP: 51/51 MP: 1/26
 10428 | D:8      | Reached skill level 11 in Spellcasting
 10931 | D:8      | Found a runed translucent gate.
 10932 | D:8      | Found a runed translucent gate.
 10932 | D:8      | Found a runed translucent gate.
 10933 | D:8      | Noticed a red ugly thing
 10934 | D:8      | Noticed a red ugly thing
 10934 | D:8      | Noticed a green ugly thing
 10934 | D:8      | Noticed a glowing orange brain
 10934 | D:8      | Noticed a green ugly thing
 11476 | D:9      | Found an ancient bone altar of Kikubaaqudgha.
 11489 | D:9      | Reached * piety under Vehumet
 11489 | D:9      | Offered knowledge of Freeze by Vehumet.
 11889 | D:9      | Reached skill level 12 in Spellcasting
 12041 | D:9      | Found a staircase to the Lair.
 12434 | D:10     | Entered Level 10 of the Dungeon
 12456 | D:10     | Reached XP level 11. HP: 55/55 MP: 14/29
 12906 | D:10     | Noticed a two-headed ogre
 12910 | D:10     | Killed a two-headed ogre
 12910 | D:10     | Reached skill level 10 in Conjurations
 13142 | D:10     | Found a staircase to the Orcish Mines.
 13153 | D:10     | Reached skill level 1 in Evocations
 13159 | D:10     | Offered knowledge of Throw Frost by Vehumet.
 13331 | D:10     | Reached ** piety under Vehumet
 13693 | D:11     | Upgraded the game from 0.24-a0-412-ge138f7edaf to
                  | 0.24-a0-415-g6d73c25c48
 13841 | D:11     | Found a viscous altar of Jiyva.
 13841 | D:11     | Noticed a two-headed ogre
 13904 | Lair:1   | Entered Level 1 of the Lair of Beasts
 14186 | Lair:1   | Reached skill level 13 in Spellcasting
 14186 | Lair:1   | Reached skill level 10 in Fire Magic
 15130 | Lair:1   | Offered knowledge of Ignite Poison by Vehumet.
 15287 | Lair:1   | Reached skill level 1 in Fighting
 15516 | Lair:2   | Noticed a six-headed hydra
 15520 | Lair:2   | Killed a six-headed hydra
 15520 | Lair:2   | Reached skill level 14 in Spellcasting
 15528 | Lair:2   | Reached XP level 12. HP: 61/61 MP: 10/32
 15548 | Lair:2   | Reached *** piety under Vehumet
 15822 | Lair:2   | Reached skill level 5 in Shields
 16437 | Lair:2   | Found a staircase to the Shoals.
 16783 | Lair:3   | Identified a scroll of acquirement
 17042 | Lair:3   | Offered knowledge of Iskenderun's Mystic Blast by Vehumet.
 17220 | Lair:3   | Found a dark tunnel.
 17694 | Lair:4   | Found a staircase to the Snake Pit.
 17792 | Lair:4   | Noticed a seven-headed hydra
 17797 | Lair:4   | Killed a seven-headed hydra
 17841 | Lair:4   | Noticed a death yak
 17854 | Lair:4   | Got a bloodstained leather armour
 17940 | Lair:4   | Upgraded the game from 0.24-a0-415-g6d73c25c48 to
                  | 0.24-a0-416-g56ce5178b7
 18038 | Lair:4   | Reached skill level 15 in Spellcasting
 18145 | Lair:4   | Noticed a four-headed hydra
 18151 | Lair:4   | Killed a four-headed hydra
 18190 | Lair:4   | Found a frozen archway.
 18197 | IceCv    | Entered an ice cave
 18487 | IceCv    | Reached **** piety under Vehumet
 18831 | IceCv    | Offered knowledge of Lee's Rapid Deconstruction by Vehumet.
 19458 | IceCv    | Reached XP level 13. HP: 50/65 MP: 28/34
 20097 | IceCv    | Noticed a frost giant
 20111 | IceCv    | Killed a frost giant
 20111 | IceCv    | Reached skill level 16 in Spellcasting
 20385 | IceCv    | Identified the Volume of the Gravedigger
 20925 | Lair:4   | Reached ***** piety under Vehumet
 21175 | Lair:4   | Offered knowledge of Bolt of Fire by Vehumet.
 21305 | Lair:5   | Learned a level 6 spell: Bolt of Fire
 21333 | Lair:5   | Found a gate leading to a gauntlet.
 21344 | Gauntlet | Entered a Gauntlet
 21344 | Gauntlet | Found a transporter.
 21355 | Gauntlet | Found a transporter.
 21373 | Gauntlet | Found a transporter.
 21381 | Gauntlet | Found a transporter.
 21405 | Gauntlet | Found a transporter.
 21419 | Gauntlet | Found a transporter.
 21447 | Gauntlet | Found a transporter.
 21453 | Gauntlet | Found a transporter.
 21455 | Gauntlet | Found a transporter.
 21475 | Gauntlet | Found a transporter.
 21487 | Gauntlet | Found a transporter.
 21499 | Gauntlet | Found a transporter.
 21517 | Gauntlet | Found a transporter.
 21537 | Gauntlet | Found a transporter.
 21544 | Gauntlet | Found a transporter.
 21571 | Gauntlet | Found a transporter.
 21573 | Gauntlet | Found a transporter.
 21575 | Gauntlet | Found a transporter.
 21990 | Gauntlet | Reached skill level 1 in Earth Magic
 22081 | Gauntlet | Got a transparent marble ring
 22094 | Gauntlet | Identified the ring of Dynut {Ice +Inv rElec Int+4} (You
                  | found it in a Gauntlet)
 22139 | Gauntlet | Identified the ring "Burreor" {MR+ Int+3}
 22139 | Gauntlet | Noticed a minotaur
 22144 | Gauntlet | Killed a minotaur
 22144 | Gauntlet | Reached skill level 5 in Stealth
 22390 | Gauntlet | Got a crude flail
 22392 | Gauntlet | Identified the Papyrus of Boosts
 22416 | Gauntlet | Identified the +3 leather armour of Indomitability {rElec
                  | rF+ MR+} (You found it on level 4 of the Lair of Beasts)
 22444 | Lair:5   | Noticed Josephine
 22447 | Lair:5   | Killed Josephine
 22740 | Lair:5   | Reached skill level 1 in Armour
 23422 | Lair:6   | Entered Level 6 of the Lair of Beasts
 23436 | Lair:5   | Reached skill level 17 in Spellcasting
 23772 | Lair:6   | Reached XP level 14. HP: 71/71 MP: 13/37
 24244 | Lair:6   | Found a staircase to the Slime Pits.
 25774 | Orc:1    | Entered Level 1 of the Orcish Mines
 25870 | Orc:2    | Entered Level 2 of the Orcish Mines
 25949 | Orc:2    | Found a staircase to the Elven Halls.
 26045 | Orc:2    | Noticed an orc warlord
 26050 | Orc:2    | Noticed Erolcha
 26289 | Orc:2    | Upgraded the game from 0.24-a0-416-g56ce5178b7 to
                  | 0.24-a0-417-g1cce26a4d2
 26711 | Orc:2    | Found a roughly hewn altar of Beogh.
 26769 | Orc:2    | Found Fatim's General Store.
 26786 | Orc:2    | Found Woont's Jewellery Shop.
 26793 | Orc:2    | Bought the amulet of the Four Winds {rN+ MR+++ Clar} for
                  | 482 gold pieces
 26793 | Orc:2    | Found the amulet of the Four Winds {rN+ MR+++ Clar}
 27047 | Orc:2    | Reached skill level 18 in Spellcasting
 27064 | Orc:2    | Killed Erolcha
 27149 | Orc:2    | Killed an orc warlord
 27558 | Orc:1    | Offered knowledge of Bolt of Cold by Vehumet.
 27566 | Orc:1    | Learned a level 6 spell: Bolt of Cold
 27605 | Orc:1    | Found Suydakh's Armour Shoppe.
 27776 | Orc:2    | Found Mahel's Antique Weapon Shop.
 27791 | Orc:2    | Found Udyac's Antique Armour Shop.
 29515 | D:13     | Offered knowledge of Irradiate by Vehumet.
 29515 | D:13     | Reached skill level 15 in Conjurations
 29673 | D:13     | Reached XP level 15. HP: 75/75 MP: 33/39
 30689 | D:14     | Reached skill level 5 in Armour
 30953 | D:14     | Found a gate to the Vaults.
 31410 | D:14     | Identified the +2 flail "Biemaulo" {crush, *Rage rPois
                  | rF+++ SInv} (You found it in a Gauntlet)
 31689 | D:15     | Entered Level 15 of the Dungeon
 31689 | D:15     | Found a runed translucent gate.
 31689 | D:15     | Found a runed translucent gate.
 31700 | D:15     | Reached skill level 19 in Spellcasting
 31791 | D:15     | Found a runed translucent gate.
 31971 | D:15     | Noticed tsouns's ghost (journeyman GrWn)
 31978 | D:15     | Identified the +3 buckler "Loho" {rElec rPois rF+ Int-5}
 32885 | D:15     | Found a staircase to the Depths.
 33245 | Shoals:1 | Entered Level 1 of the Shoals
 33245 | Shoals:1 | Noticed a kraken
 33252 | Shoals:1 | Killed a kraken
 33252 | Shoals:1 | Reached skill level 15 in Fire Magic
 33906 | Shoals:1 | Offered knowledge of Poison Arrow by Vehumet.
 34558 | Shoals:1 | Reached XP level 16. HP: 80/80 MP: 35/41
 36630 | Shoals:3 | Reached skill level 20 in Spellcasting
 36878 | Shoals:3 | Offered knowledge of Conjure Ball Lightning by Vehumet.
 37136 | Shoals:3 | Noticed a kraken
 37139 | Shoals:3 | Killed a kraken
 37656 | Shoals:4 | Entered Level 4 of the Shoals
 38719 | Shoals:4 | Reached XP level 17. HP: 84/84 MP: 37/43
 39014 | Shoals:4 | Offered knowledge of Ozocubu's Refrigeration by Vehumet.
 39385 | Shoals:4 | Got a barnacled rune of Zot
 39875 | Snake:1  | Entered Level 1 of the Snake Pit
 40277 | Snake:1  | Reached skill level 21 in Spellcasting
 40774 | Snake:2  | Found a basalt altar of Yredelemnul.
 41384 | Snake:2  | Noticed Vashnia
 41452 | Snake:2  | Killed Vashnia
 41906 | Snake:3  | Offered knowledge of Ozocubu's Refrigeration by Vehumet.
 42809 | Snake:3  | Found Qezun's General Store.
 42811 | Snake:3  | Reached XP level 18. HP: 89/89 MP: 45/45
 43537 | Snake:3  | Reached skill level 22 in Spellcasting
 43854 | Snake:4  | Entered Level 4 of the Snake Pit
 44279 | Snake:4  | Found Qedot's Gadget Emporium.
 44481 | Snake:4  | Reached ****** piety under Vehumet
 44549 | Snake:4  | Reached skill level 1 in Ice Magic
 45363 | Snake:4  | Offered knowledge of Lehudib's Crystal Spear by Vehumet.
 45363 | Snake:4  | Offered knowledge of Glaciate by Vehumet.
 45363 | Snake:4  | Offered knowledge of Chain Lightning by Vehumet.
 46593 | Snake:4  | Got a serpentine rune of Zot
 46614 | Snake:4  | Got a pitted chain mail
 46616 | Snake:4  | Identified the +3 chain mail of Starshine {rC+++ Regen+
                  | Str+2} (You found it on level 4 of the Snake Pit)
 46743 | Snake:4  | Reached skill level 10 in Shields
 46803 | Snake:4  | Noticed Aizul
 46818 | Snake:4  | Killed Aizul
 47492 | Vaults:1 | Entered Level 1 of the Vaults
 47541 | Vaults:1 | Found Exkut's Jewellery Shop.
 47580 | Vaults:1 | Reached XP level 19. HP: 93/93 MP: 39/47
 48179 | Vaults:1 | Found Eshraned's General Store.
 48214 | Vaults:1 | Reached skill level 23 in Spellcasting
 50593 | Vaults:2 | Identified the cursed +1 plate armour of the Ageless People
                  | {+Blink MP+9 Str-5 Dex+5} (You found it on level 2 of the
                  | Vaults)
 50616 | Vaults:2 | Found Yppi's Food Shoppe.
 51248 | Vaults:2 | Reached XP level 20. HP: 98/98 MP: 34/49
 52377 | Vaults:3 | Reached skill level 24 in Spellcasting
 53608 | Vaults:3 | Found a staircase to the Crypt.
 55064 | Vaults:4 | Found Ecehe's Antique Weapon Boutique.
 55475 | Elf:1    | Entered Level 1 of the Elven Halls
 55790 | Elf:1    | Found Gugokhlei's Antique Armour Shoppe.
 55800 | Elf:1    | Bought a pair of runed gloves for 285 gold pieces
 55891 | Elf:1    | Found a ruined gateway.
 55901 | Desolati | Entered the Desolation of Salt
 56254 | Desolati | Identified the amulet of Pantheism {rF+ rC+ rN+ Regen+
                  | SInv}
 56417 | Desolati | Reached XP level 21. HP: 93/103 MP: 29/51
 56866 | Desolati | Identified the +1 leather armour of the Thistle {+Blink
                  | MP+9} (You found it in the Desolation of Salt)
 56868 | Desolati | Identified the +3 rapier of Taxation {freeze, rF+ rN+
                  | Dex-3} (You found it in the Desolation of Salt)
 57611 | Desolati | Identified the Catalogue of the Tundras
 57615 | Desolati | Got a pitted lapis lazuli ring
 57616 | Desolati | Identified the ring of Baskicli {MR+ Str-3 Int+4 SInv
                  | Stlth+} (You found it in the Desolation of Salt)
 58692 | Elf:1    | Reached skill level 25 in Spellcasting
 59345 | Elf:2    | Found Sokkaf's Book Shop.
 59349 | Elf:2    | Bought a book of Minor Magic for 260 gold pieces
 59352 | Elf:2    | Learned a level 2 spell: Blink
 59590 | Elf:2    | Found a huge runed translucent gate.
 59590 | Elf:2    | Found a huge runed translucent gate.
 59596 | Elf:2    | Found a huge runed translucent gate.
 59596 | Elf:2    | Found a huge runed translucent gate.
 59596 | Elf:2    | Found a huge runed translucent gate.
 60222 | Elf:2    | Upgraded the game from 0.24-a0-417-g1cce26a4d2 to
                  | 0.24-a0-420-g24607be9ce
 60715 | Elf:3    | Entered Level 3 of the Elven Halls
 61531 | Elf:3    | Reached skill level 5 in Earth Magic
 62298 | Elf:3    | Identified the ring "Kimuar" {*Contam rPois rF+++}
 62489 | Elf:3    | Identified the ring of Qothranire {rC+ rCorr Int+3 Dex-5
                  | Slay+3}
 62531 | Elf:3    | Reached XP level 22. HP: 20/108 MP: 29/53
 62879 | Elf:3    | Identified the cursed +1 halberd "Spider's Curse" {flame,
                  | Str+4 Int+4}
 63131 | Elf:3    | Found the +7 pair of quick blades "Gyre" and "Gimble"
                  | {protect}
 63144 | Elf:3    | Got a pair of bloodstained gloves
 63155 | Elf:3    | Identified the cursed +0 pair of gloves of the Stag {rC+++
                  | Regen+ Str-2 SInv} (You found it on level 3 of the Elven
                  | Halls)
 63155 | Elf:3    | Lost strength.
 63602 | Depths:1 | Entered Level 1 of the Depths
 64108 | Depths:1 | Identified the Disquisition on Weightlessness and the
                  | Mountains (You acquired it on level 1 of the Depths)
 64699 | Depths:1 | Reached skill level 26 in Spellcasting
 64850 | Depths:1 | Found a gateway to Hell.
 64991 | Depths:2 | Noticed Louise
 64995 | Depths:2 | Killed Louise
 65430 | Depths:2 | Found a one-way gate to the infinite horrors of the Abyss.
 65922 | Depths:2 | Found a one-way gate leading to the halls of Pandemonium.
 66121 | Depths:2 | Noticed a juggernaut
 66128 | Depths:2 | Killed a juggernaut
 66330 | Depths:2 | Identified the +9 mace "Pendulum" {flame, rElec MR- Str+9
                  | Int-2}
 66612 | Depths:2 | Noticed Bai Suzhen
 66844 | Depths:2 | Killed Bai Suzhen
 67475 | Depths:3 | Noticed a juggernaut
 67482 | Depths:3 | Killed a juggernaut
 67482 | Depths:3 | Reached XP level 23. HP: 88/113 MP: 10/55
 68044 | Depths:3 | Noticed a caustic shrike
 68082 | Depths:3 | Noticed Mennas
 68820 | Slime:1  | Entered Level 1 of the Pits of Slime
 71041 | Slime:5  | Entered Level 5 of the Pits of Slime
 71974 | Depths:3 | Demolished by Mennas

Levels and vault maps discovered:
D:1:      lightli_arrival_lavapool, layout_basic
D:2:      layout_basic
D:3:      layout_basic, gammafunk_temple_overflow_forgotten, first_ration
D:4:      cheibrodos_quashed, layout_loops_cross, okawaru_gym_becter
D:5:      layout_cave_pools, yredelemnul_forgotten_temple_becter,
          old_standard_altar, minmay_temple_entry_overgrown, basic_altar,
          serial_shops, nicolae_shop_behind_doors
D:6:      layout_basic
D:7:      layout_gridville, small_statue_intersection, st_stairs_14
D:8:      argonaut_augean_stables, layout_cave_pools, vehumet_altar_wand_db,
          ploomutoo_gammafunk_ghost_potion_laboratory
D:9:      layout_cave_pods, lemuel_round_altar, erik_lair_orcish_takeover
D:10:     layout_basic, orc_0_dummy, grunt_livestock
D:11:     layout_rooms, jiyva_altar_1
D:12:     layout_irregular_city
D:13:     layout_gridville, chequers_serial_rivers_micro_b,
          serial_park_tiny_pond, mumra_transporter_accident, st_stairs_8
D:14:     layout_stronghold, david_vaults_1
D:15:     grunt_enter_depths_hoard, layout_basic, maelrawn_ghost_gauntlet_escape
Temple:   dpeg_chambers_temple
Lair:1:   layout_cave_pods, lemuel_fruit_fields
Lair:2:   layout_gridlike, elwin_shoals_entry_stream, hibernation_bobbens,
          grunt_megastairs_4, lemuel_fruit_fields
Lair:3:   layout_chaotic_city, enter_volcano_2
Lair:4:   beast_lair_carwin_large_3, layout_loops_ring,
          minmay_snake_entry_guardpost_small, portal_ice_cave_entry_imps,
          eino_house_with_fridge
Lair:5:   layout_loops_ring, gauntlet_entry_generic, lemuel_fruit_tree,
          uniq_josephine
Lair:6:   evilmike_catoblepas_cave, layout_loops_ring, dpeg_slime_entry_corner
Shoals:1: layout_shoals, argonaut_gorgonesque
Shoals:2: layout_shoals, kb_tengu_band
Shoals:3: layout_shoals
Shoals:4: shoals_end_grunt_garden, layout_shoals
Snake:1:  layout_layer_cave
Snake:2:  layout_misc_corridors, basic_altar, uniq_vashnia
Snake:3:  layout_layer_cave, serial_shops, nicolae_shop_stone, special_room,
          grunt_megastairs_1
Snake:4:  grunt_snake_rune_serpentine_throne, layout_cave_town, serial_shops,
          shop, nicolae_snake_shapes, uniq_aizul
Slime:1:  layout_caves
Slime:2:  layout_caves
Slime:3:  layout_caves
Slime:4:  layout_caves
Slime:5
Orc:1:    layout_caves, basic_altar, serial_shops, nicolae_shop_stone,
          nicolae_shop_temple_entry_statues_fountains, uniq_erica
Orc:2:    grunt_orc_cross, layout_diamond_mine, uniq_erolcha
Elf:1:    elf_arrival_002, layout_geoelf_octagon,
          portal_desolation_entry_nicolae_nacl, serial_shops, shop,
          hangedman_elf_represent, evilmike_minifort
Elf:2:    layout_geoelf_diagonals, serial_shops, shop
Elf:3:    minmay_elf_hall_statues, layout_geoelf_castle, minivault_25,
          grunt_ministairs_11, nicolae_elf_glass_and_crystal_pillar_1
Vaults:1: vaults_mumra_bighexcomb, vaults_room_door_ring,
          hangedman_vaults_snaps, vaults_room_pool, hangedman_vaults_cutoff,
          v_rooms_4, nicolae_vaults_what_the_h, hangedman_vaults_stitches,
          v_misc_5, nicolae_vaults_little_ls, grunt_vaults_diagonal,
          nicolae_vaults_little_squares_4, layout_vaults_maze_snakey,
          serial_shops, shop, shop
Vaults:2: v_pattern_4, hangedman_vaults_capsules, v_alt_pattern_1, v_misc_26,
          v_misc_15, nicolae_vaults_stairing_the_circle, ontoclasm_vaults_twist,
          nicolae_vaults_alarming, v_rooms_3, vaults_mumra_chevron_long,
          nicolae_vaults_murderbox, v_misc_25, vaults_room_semicircle,
          nicolae_vaults_rhombus_6, layout_vaults_omnicross, serial_shops,
          shop_fountains
Vaults:3: nicolae_vaults_big_ls, ontoclasm_vaults_shout,
          minmay_crypt_entry_simple_corners, nicolae_vaults_circle_grid_b,
          nicolae_vaults_little_squares_3, layout_vaults_quadrants
Vaults:4: nicolae_vaults_yaktaur_gun_rack, vaults_room_grid,
          vaults_room_semicircle, v_misc_10, v_misc_22,
          nicolae_vaults_circle_grid_a, grunt_vaults_focal,
          vaults_dpeg_diagonal, grunt_vaults_hallway_short,
          nicolae_vaults_little_squares_2, nicolae_vaults_network_square,
          layout_vaults_ring, serial_shops, shop
Depths:1: layout_basic, chequers_serial_rivers_micro_b, hell_entry,
          hangedman_decor_opposing, chequers_serial_rivers_marsh,
          lightli_fourway_metalbox
Depths:2: kennysheep_blocky_room, layout_cave_pools,
          nicolae_abyss_entry_one_way_or_another, serial_co_window_serial,
          co_window_paths_a, co_window_corner_a, co_window_corner_a,
          co_window_paths_b, co_window_corner_a, co_window_unsneaky_path_e,
          co_window_broadway_c, co_window_of_opportunity_c, co_window_2corner,
          co_window_paths_d, glass_columns_a, glass_columns_b, glass_columns_c,
          grunt_hell_horde, pan_entry, uniq_bai_suzhen
Depths:3: minmay_the_grid_ultimate
          [minmay_the_grid_prize_four_corners_diamond_b,
          minmay_the_grid_prize_trominoes, minmay_the_grid_prize_trominoes,
          minmay_the_grid_prize_big_room,
          minmay_the_grid_square_5x5_doubleslash,
          minmay_the_grid_square_5x5_moneybag, minmay_the_grid_square_5x5_mess,
          minmay_the_grid_square_5x5_checkered, minmay_the_grid_square_5x5_meh,
          minmay_the_grid_square_5x5_pentomino_r,
          minmay_the_grid_square_5x5_lines, minmay_the_grid_square_5x5_c,
          minmay_the_grid_square_5x5_checkered_statues,
          minmay_the_grid_square_5x5_intrusive_squares,
          minmay_the_grid_square_5x5_almost_minimal,
          minmay_the_grid_square_5x5_dogpile, minmay_the_grid_square_5x5_six,
          minmay_the_grid_square_5x5_detours, minmay_the_grid_square_5x5_tie,
          minmay_the_grid_triangle_9x9_wacky_v,
          minmay_the_grid_triangle_9x9_corruption,
          minmay_the_grid_triangle_9x9_skeleton,
          minmay_the_grid_triangle_9x9_alien,
          minmay_the_grid_triangle_9x9_swiss_cheese,
          minmay_the_grid_triangle_9x9_semitri,
          minmay_the_grid_triangle_9x9_pentomino_pain,
          minmay_the_grid_triangle_9x9_longest,
          minmay_the_grid_triangle_9x9_sprig,
          minmay_the_grid_triangle_9x9_subtriangle,
          minmay_the_grid_triangle_9x9_warning,
          minmay_the_grid_triangle_9x9_flanged_cone,
          minmay_the_grid_triangle_9x9_negative_grid,
          minmay_the_grid_triangle_9x9_sparse_checkered,
          minmay_the_grid_triangle_9x9_cache,
          minmay_the_grid_triangle_9x9_minimal,
          minmay_the_grid_square_5x5_shrine2,
          minmay_the_grid_octo_thin_diamonds, minmay_the_grid_octo_fan_narrow,
          minmay_the_grid_octo_focus, minmay_the_grid_octo_odd_swirl,
          minmay_the_grid_octo_77, minmay_the_grid_octo_horde,
          minmay_the_grid_octo_empty, minmay_the_grid_octo_empty,
          minmay_the_grid_spin_star, minmay_the_grid_aliased_spiral,
          minmay_the_grid_odd_star, minmay_the_grid_slots], hell_entry,
          pan_entry, uniq_mennas

Skill      XL: |  1  2  3  4  5  6  7  8  9 10 11 12 13 14 15 16 17 18 19 20 21 22 23 |
---------------+----------------------------------------------------------------------+-----
Stealth        | 3 4 5 6 |  6.1
Conjurations   | 2 3 4 5 6 8 9 11 12 14 15 17 18 19 20 21 22 | 22.3
Fire Magic     | 4 5 6 7 9 10 12 13 14 15 16 17 18 19 20 21 | 21.1
Dodging        | 3 4 5 6 7 |  7.9
Shields        | 1 2 3 4 5 7 8 10 11 12 13 14 | 14.0
Spellcasting   | 4 5 6 8 10 12 14 15 17 18 19 20 21 22 23 24 25 26 | 26.9
Evocations     | 1 |  1.9
Fighting       | 1 2 |  2.6
Earth Magic    | 1 2 3 5 |  5.9
Armour         | 2 4 6 7 |  7.2
Ice Magic      | 1 2 3 |  3.8
Translocations | |  0.8

Action                   |  1- 3 |  4- 6 |  7- 9 | 10-12 | 13-15 | 16-18 | 19-21 | 22-24 || total
-------------------------+-------+-------+-------+-------+-------+-------+-------+-------++-------
Melee: Short sword       |       |       |       |     1 |     1 |       |       |       ||     2
       Staff             |       |       |       |       |       |       |     1 |       ||     1
 Cast: Flame Tongue      |    72 |   116 |   130 |   289 |   161 |    31 |    72 |     5 ||   876
       Conjure Flame     |       |     2 |     1 |     7 |    11 |       |       |       ||    21
       Throw Flame       |       |     7 |    24 |    29 |    11 |     3 |     4 |       ||    78
       Sticky Flame      |       |       |    28 |    80 |    29 |    19 |    34 |     2 ||   192
       Fireball          |       |       |    15 |   102 |   112 |   151 |    93 |    26 ||   499
       Bolt of Fire      |       |       |       |       |   269 |   374 |   473 |   298 ||  1414
       Iron Shot         |       |       |       |       |    16 |    41 |    79 |    26 ||   162
       Bolt of Cold      |       |       |       |       |     4 |    21 |    32 |    36 ||    93
       Blink             |       |       |       |       |       |       |     2 |     3 ||     5
Evoke: Wand              |       |       |     1 |    13 |     4 |       |     4 |     7 ||    29
  Use: Scroll            |       |     8 |       |    20 |    12 |    10 |    10 |     5 ||    65
       Potion            |       |       |       |       |     1 |       |     6 |     1 ||     8
  Eat: Chunk             |     3 |     9 |    13 |    50 |    38 |    35 |    36 |    14 ||   198
       Ration            |       |       |     2 |       |     1 |     1 |     3 |     4 ||    11
Armor: Robe              |     3 |    10 |    46 |    30 |     4 |       |       |       ||    93
       Leather armour    |       |       |       |       |    18 |    41 |    26 |    11 ||    96
Dodge: Dodged            |    19 |    27 |    90 |    78 |    36 |    62 |    49 |    33 ||   394
       Deflected         |       |       |       |       |     5 |    25 |     4 |     9 ||    43
Block: Buckler           |     2 |     7 |    27 |    40 |    16 |     5 |       |       ||    97
       Shield            |       |       |       |       |       |    99 |    81 |    82 ||   262
       Reflection        |       |       |       |       |       |    39 |    24 |    22 ||    85

Table legend:
 A = Non-vault XP
 B = Vault XP
 C = Vault XP percentage of total XP
 D = Non-vault monster count
 E = Vault monster count
 F = Vault count percentage of total count
                 A         B        C        D         E       F
            +---------+---------+-------+---------+---------+-------
      Total |  524364 |  390024 |  42.7 |    1195 |     646 |  35.1
            +---------+---------+-------+---------+---------+-------
        D:1 |      21 |       0 |   0.0 |      15 |       0 |   0.0
        D:2 |      94 |       0 |   0.0 |      27 |       0 |   0.0
        D:3 |      77 |       0 |   0.0 |      21 |       0 |   0.0
        D:4 |     433 |       0 |   0.0 |      18 |       0 |   0.0
        D:5 |     356 |       1 |   0.3 |      15 |       1 |   6.2
        D:6 |     778 |       0 |   0.0 |      21 |       0 |   0.0
        D:7 |    1221 |     605 |  33.1 |      24 |       3 |  11.1
        D:8 |    2993 |    2021 |  40.3 |      27 |      11 |  28.9
        D:9 |     892 |     662 |  42.6 |      19 |       9 |  32.1
       D:10 |    3075 |     999 |  24.5 |      26 |       5 |  16.1
       D:11 |    3057 |     390 |  11.3 |      34 |       4 |  10.5
       D:12 |    3908 |       0 |   0.0 |      22 |       0 |   0.0
       D:13 |    8242 |     864 |   9.5 |      29 |       1 |   3.3
       D:14 |    7005 |    3388 |  32.6 |      26 |       5 |  16.1
       D:15 |   12115 |    2056 |  14.5 |      34 |       2 |   5.6
     Lair:1 |    3836 |      88 |   2.2 |      21 |       1 |   4.5
     Lair:2 |    4860 |    2759 |  36.2 |      17 |       7 |  29.2
     Lair:3 |    2236 |       0 |   0.0 |      13 |       0 |   0.0
     Lair:4 |    3207 |    6268 |  66.2 |       8 |      37 |  82.2
     Lair:5 |    4159 |    1704 |  29.1 |      20 |       4 |  16.7
     Lair:6 |    8077 |   12902 |  61.5 |      29 |      23 |  44.2
   Shoals:1 |   22556 |    3366 |  13.0 |      43 |       7 |  14.0
   Shoals:2 |   11844 |    1203 |   9.2 |      21 |       2 |   8.7
   Shoals:3 |   22401 |       0 |   0.0 |      38 |       0 |   0.0
   Shoals:4 |   11254 |   22054 |  66.2 |      24 |      34 |  58.6
    Snake:1 |    8944 |       0 |   0.0 |      18 |       0 |   0.0
    Snake:2 |   21559 |    7726 |  26.4 |      35 |       4 |  10.3
    Snake:3 |   29751 |    3026 |   9.2 |      43 |       4 |   8.5
    Snake:4 |   26805 |   48294 |  64.3 |      51 |      72 |  58.5
    Slime:1 |   18617 |       0 |   0.0 |      31 |       0 |   0.0
    Slime:2 |   14436 |       0 |   0.0 |      17 |       0 |   0.0
    Slime:3 |    6273 |       0 |   0.0 |       6 |       0 |   0.0
    Slime:4 |   12014 |       0 |   0.0 |      19 |       0 |   0.0
      Orc:1 |     669 |       0 |   0.0 |       9 |       0 |   0.0
      Orc:2 |    2855 |    8819 |  75.5 |      20 |      34 |  63.0
      Elf:1 |   21941 |   16656 |  43.2 |      32 |      30 |  48.4
      Elf:2 |    6256 |   23280 |  78.8 |      10 |      31 |  75.6
      Elf:3 |   11336 |   48405 |  81.0 |      17 |      30 |  63.8
   Vaults:1 |   27841 |   23657 |  45.9 |      52 |      36 |  40.9
   Vaults:2 |   44711 |   21945 |  32.9 |      65 |      45 |  40.9
   Vaults:3 |   25678 |   13909 |  35.1 |      41 |      20 |  32.8
   Vaults:4 |   15545 |    3233 |  17.2 |      30 |       4 |  11.8
   Depths:1 |   42532 |    3712 |   8.0 |      54 |       4 |   6.9
   Depths:2 |   47904 |   18616 |  28.0 |      53 |      19 |  26.4
   Depths:3 |       0 |   26342 | 100.0 |       0 |      19 | 100.0
      IceCv |       0 |   13556 | 100.0 |       0 |      52 | 100.0
 Desolation |       0 |   43364 | 100.0 |       0 |      79 | 100.0
   Gauntlet |       0 |    4154 | 100.0 |       0 |       7 | 100.0
            +---------+---------+-------+---------+---------+-------
